 Dungeon Crawl Stone Soup version 0.26.1-2-gb8aa6d0cf2 (webtiles) character file.

Game seed: 7732413496427925285

36 Gypyx the Grasshopper (level 3, -3/24 HPs)
             Began as a Halfling Warper on Feb 25, 2021.
             Slain by Crazy Yiuf
             ... wielding a +3 quarterstaff of chaos
              (12 damage)
             ... on level 2 of the Dungeon.
             The game lasted 00:02:36 (2508 turns).

Gypyx the Grasshopper (Halfling Warper)             Turns: 2508, Time: 00:02:36

Health: -3/24      AC:  5    Str: 12    XL:     3   Next: 57%
Magic:  5/5        EV: 13    Int: 11    God:
Gold:   83         SH:  0    Dex: 14    Spells: 3/5 levels left

rFire    . . .     SeeInvis .   a - +0 short sword
rCold    . . .     Faith    .   (shield restricted)
rNeg     . . .     Spirit   .   o - +0 ring mail
rPois    .         Reflect  .   (no helmet)
rElec    .         Harm     .   (no cloak)
rCorr    .         Rampage  .   (no gloves)
Will     .....                  (no boots)
Stlth    +.........             (no amulet)
HPRegen  0.08/turn              (no ring)
MPRegen  0.09/turn              (no ring)

@: lethally poisoned (-3 -> -12), hasted, very quick
A: small, mutation resistance 1
a: no special abilities


You were on level 2 of the Dungeon.
You visited 1 branch of the dungeon, and saw 2 of its levels.

You collected 83 gold pieces.

Inventory:

Hand Weapons
 a - a +0 short sword (weapon)
 i - a +0 hunting sling
Missiles
 e - 4 boomerangs of dispersal (quivered)
 k - 71 stones
Armour
 b - a +0 leather armour
 o - a +0 ring mail (worn)
Jewellery
 f - an uncursed ring of protection from fire {unknown}
Wands
 m - a wand of disintegration (5)
Scrolls
 d - a scroll of blinking
 g - 2 scrolls of teleportation {unknown}
 h - 2 scrolls of fog {unknown}
 p - a scroll of identify {unknown}
 q - a scroll of magic mapping {unknown}
Potions
 c - 2 potions of curing
 j - a potion of invisibility {unknown}
 l - 2 potions of heal wounds {unknown}
 n - a potion of haste {unknown}


   Skills:
 + Level 1.7 Fighting
 * Level 3.4 Short Blades
 + Level 1.0 Throwing
 + Level 1.4 Armour
 + Level 2.4 Dodging
 + Level 0.1 Stealth
 + Level 1.6 Spellcasting
 + Level 3.8 Translocations


You had 3 spell levels left.
You knew the following spells:

 Your Spells              Type           Power        Failure   Level
a - Blink                 Tloc           N/A          21%         2

Your spell library contained the following spells:

 Spells                   Type           Power        Failure   Level
 Gell's Gravitas          Tloc           4%           38%         3
 Lesser Beckoning         Tloc           4%           38%         3
 Teleport Other           Tloc           9%           38%         3
 Passage of Golubria      Tloc           N/A          80%         4


Dungeon Overview and Level Annotations

Branches:
Dungeon (2/15)

Altars:
Sif Muna

Annotations:
D:2 Crazy Yiuf


Innate Abilities, Weirdness & Mutations

You are small and have problems with some larger weapons.
You are somewhat resistant to further mutation.


Message History

Crazy Yiuf burns you.
You hit Crazy Yiuf.
Crazy Yiuf is heavily wounded.
Crazy Yiuf hits you with a +3 quarterstaff of chaos!
You feel yourself speed up.
You hit Crazy Yiuf.
Crazy Yiuf is severely wounded.
You hit Crazy Yiuf.
Crazy Yiuf is almost dead.
Crazy Yiuf hits you with a +3 quarterstaff of chaos.
You are lethally poisoned!
You hit Crazy Yiuf but do no damage.
Crazy Yiuf is almost dead.
You feel sick.
You hit Crazy Yiuf but do no damage.
Crazy Yiuf is almost dead.
You feel sick.
Crazy Yiuf hits you with a +3 quarterstaff of chaos!
Ouch! That really hurt!
You die...

#.#.##.# #
#.#.##.# #
#.#.##.##### #####
#.#.##...... #)..#
#........... #...#
#.#.##.##### ...
#......# # #g#
#.#.##.# # ♣@♣♣
#.#.##.## ## ♣♣.♣
#.......###. ♣.♣♣
#....†...... ♣♣.♣
#.#.##..#### ♣♣.♣♣
#...##..# # ♣♣...♣
#....#.^# # ♣....♣
#....#..# # #....#
#....#..# #
####..####....#..#
#


You could see Crazy Yiuf.

Vanquished Creatures
  An adder (D:2)
  2 worms (D:2)
  2 hobgoblins (D:2)
  2 quokkas (D:2)
  2 bats (D:1)
  A frilled lizard (D:1)
  5 goblins
  4 kobolds
  5 rats
24 creatures vanquished.

Notes
Turn   | Place    | Note
-------+----------+-------------------------------------------
     0 | D:1      | Gypyx the Halfling Warper began the quest for the Orb.
     0 | D:1      | Reached XP level 1. HP: 14/14 MP: 3/3
   735 | D:1      | Reached XP level 2. HP: 19/19 MP: 4/4
  1244 | D:2      | Learned a level 2 spell: Blink
  1510 | D:2      | Found a shimmering blue altar of Sif Muna.
  1528 | D:2      | Reached XP level 3. HP: 24/24 MP: 5/5
  2497 | D:2      | Found a runed translucent door.
  2498 | D:2      | Noticed Crazy Yiuf
  2508 | D:2      | Slain by Crazy Yiuf

Illustrated notes

Levels and vault maps discovered:
D:1:      psy_arrival_whirlpool, layout_basic
D:2:      layout_basic, lemuel_round_altar, grunt_ministairs_14,
          uniq_crazy_yiuf_cottage

Skill      XL: |  1  2  3 |
---------------+----------+-----
Short Blades   | 3 |  3.4
Fighting       | |  1.7
Throwing       | |  1.0
Armour         | |  1.4
Dodging        | |  2.4
Stealth        | |  0.1
Spellcasting   | |  1.6
Translocations | |  3.8

Action                   || total
-------------------------++-------
Melee: Short sword       ||   117
Throw: Boomerang         ||     1
 Cast: Blink             ||     1
Evoke: Wand              ||     1
  Use: Potion            ||     1
Armor: Leather armour    ||    12
       Ring mail         ||     7
Dodge: Dodged            ||    59
